 Dungeon Crawl Stone Soup version 0.30-a0-4-ga7cffc901d (webtiles) character file.

Game seed: 13938780477650808381

118 voltaire321 the Gusty (level 5, -1/34 HPs)
             Began as an Octopode Air Elementalist on Aug 20, 2022.
             Slain by an orc
             ... wielding a +0 scythe
              (11 damage)
             ... on level 4 of the Dungeon.
             The game lasted 00:06:47 (3239 turns).

voltaire321 the Gusty (Octopode Air Elementalist)   Turns: 3239, Time: 00:06:48

Health: -1/34      AC:  1    Str:  7    XL:     5   Next: 2%
Magic:  2/9        EV: 13    Int: 20    God:
Gold:   125        SH:  0    Dex: 12    Spells: 3/9 levels left

rFire   . . .      SeeInvis .    b - +0 short sword
rCold   . . .      Faith    .    (no shield)
rNeg    . . .      Spirit   .    (helmet restricted)
rPois   +          Reflect  .    (no amulet)
rElec   .          Harm     .    l - ring of poison resistance
rCorr   .          Rampage  .    (no ring)
Will    .....                    (no ring)
Stlth   +++.......               (no ring)
HPRegen 0.11/turn                (no ring)
MPRegen 0.11/turn                (no ring)
                                 (no ring)
                                 (no ring)

@: very slightly contaminated
A: almost no armour, amphibious, 8 rings, camouflage 1, gelatinous body 1,
(nimble swimmer 1), tentacles
a: no special abilities


You were on level 4 of the Dungeon.
You visited 1 branch of the dungeon, and saw 4 of its levels.

You collected 125 gold pieces.

Inventory:

Hand Weapons
 b - a +0 short sword (weapon)
Missiles
 d - a throwing net
 h - 2 datura-tipped darts
Jewellery
 l - a ring of poison resistance (left tentacle)
Scrolls
 e - 2 scrolls of identify
 f - a scroll of enchant armour
 g - a scroll of amnesia {unknown}
 i - a scroll of fear {unknown}
 j - a scroll of blinking {unknown}
Potions
 a - 3 potions of magic
 c - a potion of cancellation {unknown}
 k - a potion of might {unknown}
 m - a potion of lignification {unknown}


   Skills:
 + Level 1.7 Fighting
 + Level 2.8 Dodging
 - Level 2.6 Stealth
 + Level 2.6 Spellcasting
 + Level 2.1 Conjurations
 + Level 3.6 Air Magic


You had 3 spell levels left.
You knew the following spells:

 Your Spells              Type           Power      Damage    Failure   Level
a - Shock                 Conj/Air       56%        1d6       4%          1
b - Static Discharge      Conj/Air       14%        3-5/arc   7%          2
c - Swiftness             Air            17%        N/A       10%         3

Your spell library contained the following spells:

 Spells                   Type           Power      Damage    Failure   Level
 Magic Dart               Conj           44%        1d5       6%          1
 Searing Ray              Conj           22%        2d5       10%         2
 Airstrike                Air            8%         2d(2-18)  32%         4
 Fulminant Prism          Conj/Hex       3%         3d6       67%         4


Dungeon Overview and Level Annotations

Branches:
Dungeon (4/15)
 Temple: D:4-7

Altars:
Fedhas


Innate Abilities, Weirdness & Mutations

You cannot wear most types of armour.
You are amphibious.
You can wear up to eight rings at the same time.
Your skin changes colour to match your surroundings (Stealth+).
Your rubbery body absorbs attacks. (AC +1, EV +1)
((You are camouflaged when in or above water. (Stealth+)))
You have tentacles for arms and can constrict up to eight enemies at once.


Message History

Casting: Shock (safe; 4% risk of failure)
Confirm with . or Enter, or press ? or * to list all spells.
Aiming: Shock (safe; 4% risk of failure)
Press: ? - help, Shift-Dir - straight line The zap hits the orc.
You kill the orc!
The zap misses the orc.
The zap hits the orc.
The orc is moderately wounded.
The orc closely misses you.
You have reached level 5!
You feel clever. The orc closely misses you. x2
Casting: Shock (safe; 4% risk of failure)
Confirm with . or Enter, or press ? or * to list all spells.
The spell is quite dangerous to miscast (10% risk of failure)!
Continue anyway?
Okay, then.
Casting: Swiftness (quite dangerous; 10% risk of failure)
Confirm with . or Enter, or press ? or * to list all spells.
You miscast Static Discharge.
You are very lightly contaminated with residual magic.
Nothing appears to happen.
The orc misses you. x2
The orc hits you with a +0 scythe!
Casting: Static Discharge (safe; 7% risk of failure)
Confirm with . or Enter, or press ? or * to list all spells.
The orc is struck by an arc of lightning.
The orc is heavily wounded.
The orc is struck by an arc of lightning!
You kill the orc!
The lightning grounds out.
The orc hits you with a +0 scythe! The orc barely misses you.
The orc closely misses you.
Casting: Static Discharge (safe; 7% risk of failure)
Confirm with . or Enter, or press ? or * to list all spells.
You don't have enough magic to cast this spell.
The orc barely misses you.
The orc hits you from afar with a +0 scythe.
* * * LOW HITPOINT WARNING * * *
The orc closely misses you. The orc misses you.
The orc hits you from afar with a +0 scythe!
You die...

#.#.#..#...###.#
#...........<#
#.#.###..#..........
#.#.###..#.####..##.
#........#.# ....
##...#####.# ...
##### #...# #.# ##
.##..). #...# #..
....... #..@# #..
#.....)##o..######
.#...)...o........#
........o..........
##...............#
#######...#######
#...# #...# #...#


You could see 3 orcs.

Vanquished Creatures
  7 adders (D:2)
  A worm (D:2)
  3 orcs (D:4)
  8 bats
  4 endoplasms
  4 giant cockroaches
  10 goblins
  2 hobgoblins
  2 quokkas
  2 ball pythons
  2 frilled lizards (D:3)
  A kobold (D:2)
  2 rats
48 creatures vanquished.

Notes
Turn   | Place    | Note
-------+----------+-------------------------------------------
     0 | D:1      | voltaire321 the Octopode Air Elementalist began the quest
                  | for the Orb.
     0 | D:1      | Reached XP level 1. HP: 11/11 MP: 3/3
   402 | D:1      | Reached XP level 2. HP: 18/18 MP: 3/5
  1093 | D:2      | Reached XP level 3. HP: 22/22 MP: 2/6
  1213 | D:2      | Reached skill level 1 in Fighting
  1261 | D:2      | Learned a level 2 spell: Static Discharge
  1322 | D:2      | Learned a level 3 spell: Swiftness
  1606 | D:2      | Reached XP level 4. HP: 24/28 MP: 5/7
  2598 | D:3      | Found a blossoming altar of Fedhas.
  3232 | D:4      | Reached XP level 5. HP: 34/34 MP: 5/9
  3239 | D:4      | Slain by an orc

Illustrated notes

Levels and vault maps discovered:
D:1:      amcnicky_arrival_gap_in_the_tavern_cellar, layout_basic,
          chequers_serial_rivers_small_3
D:2:      layout_basic, small_statue_intersection, nrook_loot_triangle,
          hangedman_decor_clover_reticule
D:3:      layout_basic, lemuel_crystal_altar, uniq_sigmund
D:4:      layout_loops_cross, mainiacjoe_overflow_cross_hatched,
          fiery_altar_vehumet, serial_shops, shop, shop, sigmund_army

Skill      XL: |  1  2  3  4 |
---------------+-------------+-----
Fighting       | 1 |  1.7
Conjurations   | 2 |  2.1
Dodging        | |  2.8
Stealth        | |  2.6
Spellcasting   | |  2.6
Air Magic      | |  3.6

Action                   |  1- 3 |  4- 6 || total
-------------------------+-------+-------++-------
Melee: Unarmed           |     6 |       ||     6
       Constrict         |     8 |    10 ||    18
       Tentacles         |     6 |     5 ||    11
       Short sword       |    20 |    34 ||    54
       Punch             |     1 |       ||     1
 Cast: Shock             |    30 |    27 ||    57
       Static Discharge  |       |     2 ||     2
  Use: Scroll            |       |     5 ||     5
 Stab: Sleeping          |       |     3 ||     3
Armor: Skin              |       |     1 ||     1
Dodge: Dodged            |    17 |    28 ||    45

Table legend: (Time is in decaauts)
 A = Elapsed time spent in this place.
 B = Non-inter-level travel time spent in this place.
 C = Inter-level travel time spent in this place.
 D = Time resting spent in this place.
 E = Time spent auto-exploring this place.
 F = Levels seen in this place.
 G = Mean time per level.
                   A        B        C        D        E       F      G
               +--------+--------+--------+--------+--------+-----+--------+
         Total |   3242 |   3219 |     23 |    939 |   1808 |   4 |  810.5 |
       Dungeon |   3242 |   3219 |     23 |    939 |   1808 |   4 |  810.5 |
               +--------+--------+--------+--------+--------+-----+--------+

Top non-repeatable levels by time:
     D:2: 1359 daAuts
     D:1: 1035 daAuts
     D:3: 811 daAuts
     D:4: 36 daAuts
